AoeStats
← tony le gros rou

Arena

507973169Analyzed
3v3 RM · 10d ago on Sep 20, 2026· 32m 31s· 6 players
Game mode
Random Map
Map size
Normal (6 player)
Population
200
Speed
Normal
Resources
Standard
Victory
Conquest
Starting age
Dark Age
Ending age
Imperial Age
RankedLock teamsTeams togetherTeam positionsShared explorationLock speedFull tech treeHidden civsTurbo modeCheats
Victory
Defeat
🇦🇷 Bengalis · Argentina
1393
+16
🇧🇾 Bohemians · Belarus
1328
+18
🇮🇳 Persians · India
1273
+20
🇫🇷 Italians · France
1474
-22
🇫🇷 Khmer · France
1420
-20
🇫🇷 Saracens · France
1235
-12
tony le gros rou
9:36 Feudal Age
14:04 Castle Age
13:10 Loom
13:20 Fletching
15:42 Double-Bit Axe
17:02 Bodkin Arrow
24:13 Wheelbarrow
25:11 Padded Archer Armor
AstrowPro
5:03 Loom
8:56 Feudal Age
9:55 Horse Collar
16:55 Castle Age
15:13 Double-Bit Axe
15:18 Gold Mining
20:45 Bow Saw
20:50 Heavy Plow
23:19 Wheelbarrow
24:22 Gold Shaft Mining
28:19 Imperial Age
26:29 Hand Cart
26:57 Stone Mining
28:57 Stone Shaft Mining
28:49 Scale Barding Armor
28:55 Forging
29:57 Crop Rotation
29:59 Bloodlines
31:21 Chain Barding Armor
31:37 Iron Casting
31:24 Conscription
32:19 Elite Battle Elephant
Jungle Kriss
11:33 Feudal Age
16:06 Castle Age
14:30 Double-Bit Axe
15:57 Horse Collar
24:04 Bow Saw
23:59 Heavy Plow
25:46 Scale Barding Armor
27:48 Fletching
28:24 Town Watch
28:25 Loom
29:18 Wheelbarrow
Berry Grover
7:33 Loom
9:47 Feudal Age
10:44 Double-Bit Axe
16:03 Castle Age
18:39 Chemistry
18:37 Fervor
21:07 Bow Saw
28:37 Padded Archer Armor
28:32 Horse Collar
30:02 Sanctity
29:53 Redemption
32:02 Wheelbarrow
35:22 Imperial Age
Vu_PY
10:26 Feudal Age
14:17 Castle Age
12:11 Double-Bit Axe
12:07 Horse Collar
15:10 Bow Saw
21:43 Heavy Plow
22:32 Gold Mining
23:28 Wheelbarrow
26:04 Gold Shaft Mining
25:21 Stone Mining
29:02 Imperial Age
26:32 Loom
27:13 Scale Barding Armor
27:46 Bloodlines
27:37 Husbandry
28:33 Chain Barding Armor
28:40 Forging
29:07 Hand Cart
28:39 Town Watch
28:45 Cavalier
30:02 Plate Barding Armor
31:22 Stone Shaft Mining
31:48 Two-Man Saw
32:16 Chemistry
30:43 Savar
31:21 Fletching
32:53 Conscription
33:34 Iron Casting
ELCOCHINOTE
10:31 Feudal Age
14:27 Castle Age
12:44 Double-Bit Axe
13:08 Horse Collar
19:04 Loom
24:56 Wheelbarrow
26:59 Imperial Age
Connection lost

Rejoining the realm…

Still unreachable

The connection could not be restored.

Session expired

The server has moved on; the page needs a fresh start.